 Dungeon Crawl Stone Soup version 0.30-a0-719-gcc4359ea44 (webtiles) character file.

Game seed: 10740566968101722692

43 Arximoufas the Grasshopper (level 3, -1/27 HPs)
             Began as a Demonspawn Warper on Jan 26, 2023.
             Killed from afar by Robin (13 damage)
             ... with a puff of flame
             ... on level 2 of the Dungeon.
             The game lasted 00:04:35 (1381 turns).

Arximoufas the Grasshopper (Demonspawn Warper)      Turns: 1381, Time: 00:04:36

Health: -1/27      AC:  5    Str: 13    XL:     3   Next: 37%
Magic:  6/6        EV: 11    Int: 14    God:
Gold:   50         SH:  0    Dex: 18    Spells: 6/6 levels left

rFire   . . .      SeeInvis .    h - +1 dagger (speed)
rCold   . . .      Faith    .    (no shield)
rNeg    . . .      Spirit   .    q - +0 ring mail
rPois   .          Reflect  .    (no helmet)
rElec   .          Harm     .    (no cloak)
rCorr   .          Rampage  .    (no gloves)
Will    .....                    (no boots)
Stlth   +                        (no amulet)
HPRegen 0.24/turn                j - +6 ring of dexterity
MPRegen 0.10/turn                (no ring)

@: no status effects
A: condensation shield
a: no special abilities


You were on level 2 of the Dungeon.
You visited 1 branch of the dungeon, and saw 2 of its levels.

You collected 50 gold pieces.

Inventory:

Hand Weapons
 a - a +0 hand axe
 h - a +1 dagger of speed (weapon)
Missiles
 d - 7 boomerangs of dispersal (quivered)
Armour
 b - a +0 leather armour
 q - a +0 ring mail (worn)
Jewellery
 j - a +6 ring of dexterity (left hand)
Scrolls
 c - a scroll of blinking
 f - 2 scrolls of noise {unknown}
 g - a scroll of amnesia {unknown}
 i - 3 scrolls of teleportation {unknown}
 k - a scroll of identify {unknown}
 l - a scroll of brand weapon {unknown}
 n - a scroll of enchant weapon {unknown}
 o - a scroll of enchant armour {unknown}
 p - 2 scrolls of immolation {unknown}
Potions
 e - a potion of magic {unknown}
 m - 2 potions of mutation {unknown}
 r - a potion of resistance {unknown}


   Skills:
 - Level 2.0 Fighting
 * Level 1.9 Short Blades
 - Level 2.1 Axes
 - Level 0.8 Throwing
 - Level 1.1 Armour
 - Level 1.7 Dodging
 + Level 1.2 Stealth
 - Level 2.0 Spellcasting
 - Level 2.6 Translocations


You had 6 spell levels left.
You didn't know any spells.
Your spell library contained the following spells:

 Spells                   Type           Power      Damage    Failure   Level
 Blink                    Tloc           16%        N/A       26%         2
 Lesser Beckoning         Tloc           16%        N/A       26%         2
 Gell's Gravitas          Tloc           8%         N/A       45%         3
 Teleport Other           Tloc           8%         N/A       45%         3
 Vhi's Electric Charge    Tloc/Air       10%        N/A       65%         3
 Ozocubu's Armour         Ice            1%         N/A       83%         3
 Manifold Assault         Tloc           8%         N/A       86%         4
 Ozocubu's Refrigeration  Ice            0%         4d7       100%        7


Dungeon Overview and Level Annotations

Branches:
Dungeon (2/15)

Altars:

Annotations:
D:2 1 runed translucent door, Crazy Yiuf, Robin


Innate Abilities, Weirdness & Mutations

A meltable shield of frost defends you. (SH +0)


Message History

Robin throws the goblin at you! The hobgoblin barely misses you.
The goblin hits you but does no damage.
You barely miss the hobgoblin.
The hobgoblin is almost dead.
Robin roars a battlecry!
The goblins go into a battle-frenzy!
The hobgoblin closely misses you. You block the goblin's attack.
You hit the goblin but do no damage. You barely miss the goblin.
The hobgoblin no longer looks unusually strong.
Robin roars a battlecry!
The hobgoblin goes into a battle-frenzy!
The hobgoblin misses you. The goblin closely misses you.
Unknown command.
You closely miss the goblin. You hit the hobgoblin.
You kill the hobgoblin!
The goblin barely misses you.
You hit the goblin.
You kill the goblin!
You barely miss the goblin. The goblin hits you but does no damage.
Robin throws the goblin at you!
You closely miss the goblin. You hit the goblin.
The goblin is almost dead.
Robin hits you from afar with a +0 spear of freezing.
Robin freezes you. You block the goblin's attack.
You barely miss the goblin.
The goblin is almost dead.
You block Robin's attack. The goblin hits you with a +0 dagger.
You barely miss the goblin.
The goblin is almost dead.
You hit the goblin.
You kill the goblin!
Robin barely misses you.
Items here: ))) ††.
The hobgoblin hits you. You block Robin's attack.
Robin zaps a wand.
The puff of flame hits you!
Your condensation shield dissipates!
You die...

#... ...# #. ##..#
..# #. ...# #.# #.
#..# #.#######.
#gg######.#.........
#ggg..b...#.###.....
#.# #.# ######
#g########.#
#g@.)>.....#
############


You could see Robin, 2 hobgoblins and 3 goblins.

Vanquished Creatures
  A dart slug (D:1)
  2 ball pythons
  3 endoplasms (D:1)
  A giant cockroach (D:2)
  7 goblins
  5 hobgoblins
  3 jackals (D:2)
  A quokka (D:1)
  4 bats
  2 frilled lizards
  A kobold (D:1)
  6 rats
36 creatures vanquished.

Vanquished Creatures (others)
  2 fungi (D:2)
2 creatures vanquished.

Grand Total: 38 creatures vanquished

Notes
Turn   | Place    | Note
-------+----------+-------------------------------------------
     0 | D:1      | Arximoufas the Demonspawn Warper began the quest for the
                  | Orb.
     0 | D:1      | Reached XP level 1. HP: 16/16 MP: 3/3
    51 | D:1      | Reached skill level 1 in Armour
   362 | D:1      | Gained mutation: A meltable shield of frost defends you.
                  | (SH +0) [demonic ancestry]
   362 | D:1      | Reached XP level 2. HP: 17/22 MP: 5/5
   473 | D:1      | Found a faded altar of an unknown god.
   492 | D:1      | Reached skill level 1 in Short Blades
   964 | D:2      | Found a runed translucent door.
   965 | D:2      | Noticed Crazy Yiuf
  1140 | D:2      | Reached skill level 1 in Stealth
  1145 | D:2      | Reached XP level 3. HP: 27/27 MP: 6/6
  1339 | D:2      | Noticed Robin
  1381 | D:2      | Killed from afar by Robin

Illustrated notes

Levels and vault maps discovered:
D:1:      lightli_arrival_windingriver, layout_loops_corners,
          basic_ecumenical_altar
D:2:      layout_loops_ring, uniq_robin, uniq_crazy_yiuf_cottage, uniq_terence

Skill      XL: |  1  2 |
---------------+-------+-----
Armour         | 1 |  1.1
Axes           | 2 |  2.1
Short Blades   | 1 |  1.9
Stealth        | 1 |  1.2
Fighting       | |  2.0
Throwing       | |  0.8
Dodging        | |  1.7
Spellcasting   | |  2.0
Translocations | |  2.6

Action                     || total
---------------------------++-------
  Melee: Dagger            ||   132
         Hand axe          ||     8
         Punch             ||     3
   Stab: Sleeping          ||     1
 Armour: Leather armour    ||    10
         Ring mail         ||    10
  Dodge: Dodged            ||    57
  Block: Other             ||    13

Table legend: (Time is in decaauts)
 A = Elapsed time spent in this place.
 B = Non-inter-level travel time spent in this place.
 C = Inter-level travel time spent in this place.
 D = Time resting spent in this place.
 E = Time spent auto-exploring this place.
 F = Levels seen in this place.
 G = Mean time per level.
                   A        B        C        D        E       F      G
               +--------+--------+--------+--------+--------+-----+--------+
         Total |   1326 |   1290 |     36 |      0 |   1048 |   2 |  663.0 |
       Dungeon |   1326 |   1290 |     36 |      0 |   1048 |   2 |  663.0 |
               +--------+--------+--------+--------+--------+-----+--------+

Top non-repeatable levels by time:
     D:1: 901 daAuts
     D:2: 425 daAuts
